 Dungeon Crawl Stone Soup version 0.27-a0-1287-gca74d27db6 (webtiles) character file.

Game seed: 127619210831732309

9 Atlas the Chiller (level 2, 19/19 HPs)
             Began as a Demonspawn Ice Elementalist on June 14, 2021.
             Quit the game on level 1 of the Dungeon.
             The game lasted 00:00:27 (676 turns).

Atlas the Chiller (Demonspawn Ice Elementalist)      Turns: 676, Time: 00:00:28

Health: 19/19      AC:  3    Str:  8    XL:     2   Next: 3%
Magic:  5/5        EV: 12    Int: 16    God:
Gold:   22         SH:  0    Dex: 13    Spells: 4/5 levels left

rFire    . . .     SeeInvis .   (no weapon)
rCold    . . .     Faith    .   (no shield)
rNeg     . . .     Spirit   .   a - +0 robe
rPois    .         Reflect  .   (helmet restricted)
rElec    .         Harm     .   (no cloak)
rCorr    .         Rampage  .   c - +0 pair of gloves
Will     .....                  (no boots)
Stlth    ++........             (no amulet)
HPRegen  0.06/turn              (no ring)
MPRegen  0.09/turn              (no ring)

@: no status effects
A: horns 1
a: no special abilities


You were on level 1 of the Dungeon.
You visited 1 branch of the dungeon, and saw 1 of its levels.

You collected 22 gold pieces.

Inventory:

Armour
 a - a +0 robe (worn)
 c - a +0 pair of gloves (worn)
Potions
 b - a potion of haste {unknown}
 d - a potion of lignification {unknown}


   Skills:
 + Level 1.8 Dodging
 + Level 1.7 Stealth
 + Level 2.1 Spellcasting
 + Level 3.9 Ice Magic


You had 4 spell levels left.
You knew the following spells:

 Your Spells              Type           Power      Damage    Failure   Level
a - Freeze                Ice            56%        1d7       4%          1

Your spell library contained the following spells:

 Spells                   Type           Power      Damage    Failure   Level
 Frozen Ramparts          Ice            28%        1d4       12%         3
 Ozocubu's Armour         Ice            14%        N/A       12%         3
 Hailstorm                Conj/Ice       8%         3d4       65%         4
 Metabolic Englaciation   Hex/Ice        4%         N/A       94%         5


Dungeon Overview and Level Annotations

Branches:
Dungeon (1/15)

Altars:


Innate Abilities, Weirdness & Mutations

You have a pair of small horns on your head.


Message History

You kill the ball python!
The endoplasm closely misses you.
Casting: Freeze (safe; 4% risk of failure)
Confirm with . or Enter, or press ? or * to list all spells.
Aiming: Freeze (safe; 4% risk of failure)
Press: ? - help, Shift-Dir - straight line, f - endoplasm
Aim: an endoplasm You freeze the endoplasm.
The endoplasm is heavily wounded.
The endoplasm hits you but does no damage.
Casting: Freeze (safe; 4% risk of failure)
Confirm with . or Enter, or press ? or * to list all spells.
You don't have enough magic to cast this spell.
Unknown command.
An endoplasm is nearby!
You barely miss the endoplasm.
The endoplasm is heavily wounded.
The endoplasm hits you but does no damage.
The endoplasm freezes you.
You are frozen.
You hit the endoplasm.
The endoplasm is severely wounded.
The endoplasm hits you but does no damage.
The endoplasm freezes you.
You are frozen.
You see here a +0 club.
You hit the endoplasm but do no damage.
The endoplasm is severely wounded.
The endoplasm hits you but does no damage.
You hit the endoplasm.
You kill the endoplasm!
You have reached level 2!
Your demonic ancestry asserts itself...
A pair of horns grows on your head!
Found a robe.
You see here a +2 dagger of draining.
A giant cockroach comes into view.
You see here a +0 robe.
A giant cockroach is nearby!
Are you sure you want to abandon this character and quit the game? (Confirm with "yes".)

############
#############...@......B
#.............)#########
#.....................
................#####.
.............)..#
................#
†...............#
...########.....#
..........+..>..# ##


You could see a giant cockroach (asleep).

Vanquished Creatures
  An endoplasm (D:1)
  A hobgoblin (D:1)
  5 ball pythons (D:1)
  A bat (D:1)
  A goblin (D:1)
  A rat (D:1)
10 creatures vanquished.

Notes
Turn   | Place    | Note
-------+----------+-------------------------------------------
     0 | D:1      | Atlas the Demonspawn Ice Elementalist began the quest for
                  | the Orb.
     0 | D:1      | Reached XP level 1. HP: 13/13 MP: 3/3
   600 | D:1      | Gained mutation: You have a pair of small horns on your
                  | head. [demonic ancestry]
   600 | D:1      | Reached XP level 2. HP: 14/19 MP: 0/5
   676 | D:1      | Quit the game

Illustrated notes

Levels and vault maps discovered:
D:1:      minmay_arrival_four_circles, layout_basic

Action                   || total
-------------------------++-------
Melee: Unarmed           ||     7
 Cast: Freeze            ||    12
 Stab: Sleeping          ||     1
Armor: Robe              ||     7
Dodge: Dodged            ||     9

Table legend: (Time is in decaauts)
 A = Elapsed time spent in this place.
 B = Non-inter-level travel time spent in this place.
 C = Inter-level travel time spent in this place.
 D = Time resting spent in this place.
 E = Time spent auto-exploring this place.
 F = Levels seen in this place.
 G = Mean time per level.
                   A        B        C        D        E       F      G
               +--------+--------+--------+--------+--------+-----+--------+
         Total |    676 |    669 |      7 |      0 |    602 |   1 |  676.0 |
       Dungeon |    676 |    669 |      7 |      0 |    602 |   1 |  676.0 |
               +--------+--------+--------+--------+--------+-----+--------+

Top non-repeatable levels by time:
     D:1: 676 daAuts
